cohdb
Replays
Latest Replays
All Replays
Popular Replays
Top Player Replays
Match Explorer
How It Works
Community
CoH3 Stats
Reddit
Sign in to upload your games and track your stats! →
Sign in with Steam
Match 38452487
Unlisted
Match 38452487
Overview
Messages
Build Orders
End
Kettenkrad Recon Vehicle
Construct Infanterie Kompanie
Selects Breakthrough Battlegroup
Selects Assault Grenadiers
MG 42 Machine Gun Team
Grenadier Squad
Grenadier Squad
Construct Panzergrenadier Kompanie
Panzergrenadier Squad
Pioneer Squad
Pak 40 Anti-tank Gun Team
Medical Bunker
Selects Rapid Production
Construct Panzer Kompanie
Pak 40 Anti-tank Gun Team
Stoßtruppen Squad
Selects Blitzkrieg
Panzer IV Medium Tank
Stoßtruppen Squad
Grenadier Squad
Stoßtruppen Squad
Kettenkrad Recon Vehicle
Kettenkrad Recon Vehicle
Selects Tiger Heavy Tank
Tiger Heavy Tank
Pioneer Squad
Selects Smoke Bombing Run
Blitzkrieg
Wrathment
Cygrea
0
0
Comments
sign in to comment!
No comments posted yet!